Map: Odyssey LE

Players

HOTDOG - Winner!

  • Race: Zerg Zerg
  • League: Platinum
  • Spawn Location: 11:00

BoostY

  • Race: Terran Terran
  • League: Platinum
  • Spawn Location: 5:00

VOD

Have the link to the VOD?

Description

HOTDOG neuro rep

Time

  • Played on: Dec. 30, 2017, 1:37 a.m.
  • Length: 27:00
Show
View Real Time Build Order
Export as new Build Order

HOTDOG Zerg - Winner!

Build Orders: Hatch First 

Get SALT Encoding   

  12  0:08  Overlord  
  12  0:13  Drone  
  13  0:17  Drone  
  14  0:27  Drone  
  15  0:31  Drone  
  16  0:41  Drone  
  17  0:54  Hatchery  
  17  0:56  Drone  
  17  1:12  Spawning Pool  
  17  1:14  Drone  
  17  1:19  Drone  
  18  1:26  Drone  
  19  1:35  Overlord  
  19  1:43  Extractor  
  19  1:46  Drone  
  19  2:01  Queen  
  21  2:05  Queen  
  23  2:15  Drone  
  24  2:17  Drone  
  25  2:23  Drone x2  
  25  2:24  Hatchery  
  25  2:27  Drone  
  27  2:33  Zergling x2  
  27  2:34  Zergling x2  
  29  2:38  Drone  
  29  2:39  Drone  
  31  2:50  Overlord  
  31  2:55  Zergling x2  
  32  3:00  Drone  
  32  3:03  Drone  
  34  3:06  Metabolic Boost  
  34  3:11  Drone  
  34  3:12  Drone  
  36  3:14  Drone x2  
  37  3:34  Spine Crawler  
  36  3:36  Spine Crawler  
  34  3:48  Zergling x4  
  34  3:49  Zergling x10  
  40  4:06  Extractor  
  40  4:07  Extractor  
  38  4:12  Drone x2  
  38  4:13  Drone x4  
  38  4:14  Drone  
  44  4:52  Lair  
  43  4:58  Zergling x2  
  43  4:59  Zergling x12  
  50  5:05  Overlord x2  
  50  5:06  Overlord x3  
  50  5:19  Queen  
  45  5:34  Drone x2  
  45  5:35  Baneling Nest, Drone x3  
  49  5:37  Drone x3  
  49  5:38  Drone x2  
  54  5:46  Drone x2  
  56  5:53  Spine Crawler  
  56  5:55  Spine Crawler  
  54  6:03  Hydralisk Den  
  53  6:05  Evolution Chamber  
  53  6:09  Spore Crawler  
  53  6:10  Spore Crawler, Baneling Nest  
  49  6:13  Spore Crawler, Zergling x6  
  49  6:14  Zergling x4  
  53  6:24  Pneumatized Carapace  
  53  6:33  Muscular Augments  
  53  6:34  Zerg Missile Weapons Level 1  
  53  6:39  Centrifical Hooks  
  53  6:40  Infestation Pit  
  53  6:41  Baneling  
  53  6:42  Baneling x4  
  53  6:43  Baneling  
  53  6:44  Baneling  
  53  6:45  Baneling  
  52  6:55  Drone  
  52  6:56  Drone x3  
  52  6:57  Drone x2  
  58  7:03  Queen  
  60  7:19  Hydralisk x2  
  60  7:20  Hydralisk x2  
  68  7:24  Drone x2  
  68  7:25  Drone  
  68  7:26  Drone  
  72  7:46  Hydralisk x4  
  72  7:47  Hydralisk x2  
  84  7:53  Drone x3  
  87  8:19  Hydralisk  
  89  8:22  Overlord x4  
  89  8:33  Hive  
  89  8:34  Overlord  
  89  8:35  Overlord  
  89  8:39  Hatchery  
  88  8:45  Hydralisk x3  
  88  8:46  Hydralisk x2  
  98  8:48  Overseer  
  98  8:59  Hydralisk  
  98  9:00  Hydralisk  
  98  9:02  Zergling x12  
  108  9:03  Zergling x12  
  108  9:06  Overseer  
  62  9:33  Zergling x2  
  62  9:34  Zergling x16  
  62  9:35  Zergling x2  
  62  9:36  Zergling x2  
  51  9:59  Zergling x8  
  49  10:03  Queen x2  
  36  10:20  Hydralisk x2  
  36  10:21  Hydralisk x2  
  42  10:30  Drone  
  42  10:31  Drone x4  
  47  10:45  Spawning Pool, Zergling x6  
  49  11:12  Hydralisk  
  49  11:13  Hydralisk x6  
  49  11:14  Hydralisk  
  62  11:39  Hydralisk x2  
  60  11:40  Hydralisk x6  
  60  11:42  Zergling x2  
  77  11:53  Drone x2  
  77  11:54  Drone x2  
  81  11:55  Drone  
  72  12:36  Zergling x24  
  72  12:37  Zergling x6  
  74  12:46  Queen x2  
  78  12:57  Drone x3  
  81  13:01  Drone x2  
  81  13:02  Drone  
  81  13:04  Drone  
  85  13:08  Baneling x2  
  85  13:09  Baneling x3  
  85  13:11  Baneling x2  
  85  13:13  Baneling  
  85  13:32  Baneling x2  
  85  13:33  Baneling x3  
  85  13:34  Zergling x16  
  86  13:36  Drone  
  86  13:39  Drone  
  95  13:42  Extractor  
  95  13:43  Extractor  
  95  13:45  Drone x2  
  95  13:46  Drone  
  57  14:32  Zergling x2  
  57  14:33  Zergling x32  
  74  14:41  Ultralisk Cavern  
  68  15:11  Baneling x4  
  68  15:12  Baneling x2  
  68  15:16  Zergling x2  
  68  15:17  Zergling x6  
  68  15:18  Zergling x24  
  72  15:52  Ultralisk x3  
  72  15:54  Zergling x8  
  72  15:55  Zergling x2  
  72  15:56  Drone  
  96  16:02  Drone  
  97  16:04  Baneling  
  97  16:05  Baneling x2  
  97  16:06  Baneling  
  97  16:09  Drone  
  98  16:34  Ultralisk  
  98  16:36  Zergling x2  
  98  16:37  Zergling x14  
  112  16:43  Drone x3  
  112  16:44  Drone x3  
  118  16:49  Drone  
  118  16:50  Drone  
  118  16:51  Drone  
  93  17:33  Ultralisk x2  
  93  17:34  Zergling x2  
  93  17:35  Zergling x20  
  116  17:45  Drone x3  
  116  17:46  Drone x4  
  116  17:49  Extractor  
  116  17:50  Extractor  
  121  18:02  Hatchery, Ultralisk  
  126  18:30  Zergling x6  
  128  18:40  Hatchery  
  98  18:53  Zergling x2  
  98  18:54  Zergling x32  
  97  19:03  Zergling x4  
  97  19:05  Zergling x2  
  100  19:16  Zergling x6  
  103  19:17  Drone  
  104  19:24  Queen  
  104  19:27  Ultralisk  
  104  19:28  Ultralisk  
  104  19:30  Zergling x2  
  119  19:32  Baneling x2  
  119  19:33  Baneling  
  119  19:39  Baneling x6  
  119  19:40  Baneling x4  
  119  19:41  Baneling x3  
  119  19:47  Overlord x2  
  119  20:00  Queen  
  119  20:01  Drone x5  
  126  20:21  Ultralisk  
  126  20:22  Ultralisk  
  126  20:23  Zergling x8  
  126  20:25  Overlord x2  
  110  21:01  Ultralisk x3  
  110  21:02  Ultralisk x2  
  110  21:03  Zergling x4  
  116  21:40  Zergling x32  
  116  21:41  Zergling x10  
  100  21:57  Zergling x10  
  93  22:11  Zergling x4  
  93  22:12  Zergling x6  
  93  22:13  Zergling x2  
  76  22:39  Zergling x2  
  76  22:40  Zergling x24  
  78  23:11  Zergling x12  
  78  23:12  Zergling x14  
  88  23:13  Drone x2  
  88  23:16  Queen  
  84  23:32  Viper x2  
  90  23:44  Baneling  
  90  23:45  Baneling x6  
  90  23:51  Zergling x6  
  90  23:52  Zergling x2  
  90  23:53  Ultralisk x2  
  106  24:09  Zergling x2  
  107  24:10  Zergling x22  
  112  25:01  Infestor x4  
  118  26:11  Ultralisk x2  
  118  26:12  Ultralisk x2  
  118  26:13  Zergling x8  
  118  26:14  Zergling x10  
  118  26:15  Overlord x2  
  151  26:42  Hatchery  
Show
View Real Time Build Order
Export as new Build Order

BoostY Terran 

Build Orders:  

Get SALT Encoding   

  12  0:01  SCV  
  13  0:13  SCV  
  14  0:19  Supply Depot  
  14  0:25  SCV  
  15  0:40  SCV  
  16  0:43  Barracks  
  16  0:52  SCV, Refinery  
  17  1:04  SCV  
  17  1:06  Barracks  
  18  1:11  Refinery  
  18  1:17  SCV  
  19  1:29  SCV  
  20  1:42  Reaper  
  20  1:45  Orbital Command  
  21  1:50  Supply Depot  
  21  1:53  Reaper  
  22  2:11  SCV  
  22  2:14  Reaper  
  24  2:20  Supply Depot  
  24  2:23  SCV  
  24  2:25  Reaper  
  26  2:44  Supply Depot  
  26  2:46  Reaper  
  27  2:57  Reaper  
  28  3:12  Command Center  
  28  3:16  Factory  
  28  3:18  Reaper  
  29  3:30  Reaper  
  28  3:50  Reaper  
  28  4:05  Cyclone  
  28  4:06  Marine  
  32  4:15  Factory  
  32  4:18  Starport  
  32  4:22  Marine  
  33  4:38  Bunker  
  33  4:39  Bunker  
  33  4:46  Refinery  
  33  4:51  Factory Tech Lab  
  33  4:52  Marine x2  
  35  4:56  Medivac  
  37  5:17  Orbital Command  
  37  5:21  Refinery  
  37  5:26  Medivac  
  39  5:34  Factory Tech Lab  
  39  5:46  SCV  
  40  5:52  Siege Tank  
  40  5:56  SCV, Medivac  
  46  6:04  Supply Depot  
  46  6:08  Siege Tank  
  46  6:11  SCV  
  50  6:17  SCV  
  51  6:20  Supply Depot  
  51  6:26  Medivac  
  51  6:29  SCV x2  
  55  6:37  Siege Tank  
  58  6:41  SCV  
  58  6:46  SCV  
  60  6:56  Siege Tank, Medivac  
  60  6:58  SCV  
  66  7:04  Marine  
  66  7:05  Marine  
  68  7:09  Siege Tank  
  68  7:13  Supply Depot  
  71  7:16  Supply Depot  
  71  7:25  SCV, Supply Depot  
  71  7:26  Medivac  
  71  7:27  Marine x2  
  76  7:35  Siege Tank  
  79  7:37  SCV, Supply Depot  
  80  7:46  Supply Depot  
  80  7:56  Medivac  
  82  8:01  Siege Tank  
  85  8:26  Medivac  
  87  8:30  Siege Tank  
  87  8:33  Siege Tank, Marine x2  
  95  9:02  Siege Tank  
  98  9:05  Siege Tank  
  84  9:34  Siege Tank  
  87  9:55  Marine x2  
  87  9:57  Cyclone  
  92  10:06  Cyclone  
  92  10:07  Barracks  
  95  10:08  Barracks  
  95  10:11  Command Center  
  95  10:12  Marine x2  
  97  10:25  Medivac  
  99  10:29  Cyclone  
  99  10:30  Marine x2  
  104  10:40  Siege Tank  
  107  10:48  Marine  
  108  11:01  Siege Tank  
  96  11:37  Siege Tank x2  
  96  12:00  Engineering Bay  
  96  12:05  Marine x4  
  101  12:09  Siege Tank  
  90  12:23  Marine x4  
  79  12:41  Marine x4  
  83  12:52  Missile Turret  
  83  12:56  Missile Turret  
  83  12:58  Marine  
  83  12:59  Marine x3  
  87  13:07  Planetary Fortress  
  87  13:16  Marine x2  
  87  13:17  Marine  
  90  13:23  Marine  
  91  13:31  SCV  
  92  13:34  Marine  
  86  14:04  Marine  
  86  14:05  Marine x3  
  86  14:07  Siege Tank x2  
  96  14:17  SCV  
  96  14:22  Marine x2  
  96  14:29  SCV  
  97  14:43  SCV  
  98  14:51  Marine x4  
  102  14:55  SCV  
  103  15:08  Marine  
  103  15:09  Marine x3  
  107  15:26  Marine  
  107  15:27  Marine x3  
  98  15:44  Marine  
  98  15:45  SCV, Marine x3  
  103  15:52  Siege Tank x2  
  109  15:58  SCV  
  109  16:02  Marine x3  
  113  16:20  Armory  
  113  16:24  Siege Tank x2  
  119  16:25  Missile Turret  
  119  16:33  Missile Turret  
  119  16:34  Missile Turret  
  119  16:37  Missile Turret  
  119  16:38  Viking  
  121  16:42  SCV  
  122  16:48  Missile Turret  
  122  16:50  Supply Depot  
  122  16:53  SCV  
  123  16:54  SCV  
  124  17:05  SCV  
  125  17:11  Missile Turret  
  125  17:14  Supply Depot  
  105  17:28  Siege Tank x2  
  105  17:36  Supply Depot  
  105  17:37  Supply Depot  
  105  17:39  Supply Depot  
  105  17:40  Supply Depot  
  105  17:46  Supply Depot  
  105  17:57  Terran Vehicle Weapons Level 1  
  105  18:00  Siege Tank x2  
  105  18:02  Marine x4  
  115  18:16  Bunker  
  115  18:19  Marine  
  115  18:20  Marine x3  
  115  18:21  Bunker  
  119  18:27  Bunker  
  119  18:32  Siege Tank  
  122  18:37  Marine x2  
  122  18:38  Marine x2  
  87  18:48  Bunker  
  86  19:02  Bunker  
  86  19:03  SCV  
  86  19:06  Marine x4  
  86  19:09  Bunker  
  91  19:12  SCV  
  91  19:15  SCV x2  
  94  19:24  Marine x4  
  98  20:10  Raven  
  103  20:42  Siege Tank  
  93  20:53  Raven  
  85  21:15  Siege Tank  
  89  21:47  Siege Tank  
  85  22:03  Raven  
  85  22:04  Marine x4  
  91  22:19  Siege Tank  
  91  22:21  Marine  
  91  22:22  Marine x2  
  65  22:51  Siege Tank  
  41  23:22  Orbital Command  
  41  23:54  SCV  
  42  23:56  Marine x4  
  46  24:06  SCV  
  47  24:14  Marine x4  
  48  24:31  Marine  
  48  24:32  Marine  
  36  25:41  Marine x4  
  38  25:58  Marine, Liberator  
  38  25:59  Marine x3  
  27  26:16  Marine  
  27  26:17  Marine x3  
  34  26:19  Siege Tank  
  37  26:34  Marine  
  37  26:35  Marine x3  
Tags
 
Add a new tag
Caveats
  • Supply blocks, unpowered buildings, or Contaminate may cause inaccurate times.
  • Supply counts are checked every 10 seconds.